 Dungeon Crawl Stone Soup version 0.32-a0-7-ge934b4519a (webtiles) character file.

Game seed: 9398789637375561023

105 miscthings the Magician (level 5, -3/37 HPs)
             Began as a Djinni Shapeshifter on Jan 14, 2024.
             Slain by a cerulean imp
             ... wielding a +0 spear
             ... summoned by Natasha
              (5 damage)
             ... on level 3 of the Dungeon.
             The game lasted 00:02:38 (1221 turns).

miscthings the Magician (Djinni Shapeshifter)       Turns: 1221, Time: 00:02:38

Health: -3/37      AC:  2    Str: 13    XL:     5   Next: 9%
Gold:   98         EV: 12    Int: 20    God:
                   SH:  0    Dex: 12

rFire   + + .        n - +2 dagger (protect)
rCold   x . .        (no shield)
rNeg    . . .        a - +0 animal skin
rPois   ∞            (helmet currently unavailable)
rElec   .            (cloak currently unavailable)
rCorr   .            (gloves currently unavailable)
SInv    .            (boots unavailable)
Will    .....        (no amulet)
Stlth   +            j - +6 ring of intelligence
HPRegen 0.26/turn    (no ring)
MPRegen 0.00/turn

%: infuse magic (-4 HP)
@: beast-form, flying
A: beast (slay +1), flying, sickness immunity, fire resistance 2, cold
vulnerability 1, float, innate caster, HP casting, extra vitality 1
a: Begin Untransformation


You were on level 3 of the Dungeon.
You were a hulking beast.
You visited 1 branch of the dungeon, and saw 3 of its levels.

You collected 98 gold pieces.

Inventory:

Hand Weapons
 i - a +2 short sword of speed
 n - a +2 dagger of protection (weapon)
Armour
 a - a +0 animal skin (worn)
 o - a +0 helmet
Jewellery
 j - a +6 ring of intelligence (left hand)
 l - a ring of resist corrosion
Talismans
 c - a beast talisman
 d - a flux talisman
Scrolls
 e - 2 scrolls of identify {unknown}
 f - a scroll of blinking {unknown}
 g - a scroll of silence {unknown}
 h - 5 scrolls of fear {unknown}
 m - a scroll of noise {unknown}
 p - a scroll of brand weapon {unknown}
Potions
 b - a potion of lignification
 k - a potion of haste {unknown}


   Skills:
 - Level 1.0 Fighting
 - Level 2.1 Dodging
 - Level 3.0 Unarmed Combat
 + Level 3.2 Spellcasting
 + Level 3.2 Conjurations
 + Level 3.2 Hexes
   Level 0.0 Charms
 + Level 3.2 Summonings
 + Level 3.2 Necromancy
 + Level 3.2 Translocations
   Level 0.0 Transmutations
 + Level 3.2 Fire Magic
 + Level 3.2 Ice Magic
 + Level 3.2 Air Magic
 + Level 3.2 Earth Magic
 + Level 3.2 Alchemy
 - Level 2.6 Shapeshifting


You knew the following spells:

 Your Spells              Type           Power      Damage    Failure   Level
a - Summon Small Mammal   Summ           64%        N/A       3%          1
b - Momentum Strike       Conj/Tloc      32%        3d8       5%          2
Your spell library was empty.

Dungeon Overview and Level Annotations

Branches:
Dungeon (3/15)

Altars:
Zin

Annotations:
D:2 Sigmund
D:3 Natasha


Innate Abilities, Weirdness & Mutations

You are a hulking beast.
Your limbs bulge with bestial killing power. (Slay +1)
You are flying.
You are immune to sickness and miasma.
You are immune to poison.
Your flesh is very heat resistant. (rF++)
You are vulnerable to cold. (rC-)
You float through the air rather than walking.
You learn spells naturally, not from books.
Your magical power is your life essence.
You have superior vitality. (+4 MHP)


Message History

Casting: Momentum Strike (safe; 5% risk of failure)
Confirm with . or Enter, or press ? or * to list all spells.
Natasha howls an incantation.
Natasha's front paws start to glow.
Natasha claws your quokka!
Your quokka dies!
Your quokka's corpse disappears in a puff of smoke!
You hit Natasha but do no damage.
Your weapon exudes an aura of protection.
Natasha claws you but does no damage.
You completely miss Natasha. Natasha claws you. x2
You closely miss Natasha. Your punch misses Natasha.
Natasha casts a spell at you. The magic dart hits you.
You hit Natasha.
Your weapon exudes an aura of protection.
Natasha is moderately wounded.
Natasha stares at you and mumbles some strange words.
The magic dart hits you!
* * * LOW HITPOINT WARNING * * *
Natasha casts a spell.
You hit Natasha but do no damage.
Natasha is moderately wounded.
Natasha casts a spell at you. The magic dart hits you.
* * * LOW HITPOINT WARNING * * *
The cerulean imp misses you.
Okay, then.
Natasha attacks as she pursues you! Natasha barely misses you.
The cerulean imp hits you but does no damage.
Natasha barely misses you. The cerulean imp closely misses you.
The cerulean imp barely misses you.
Natasha wildly gestures.
Natasha glows brightly for a moment.
There is a stone staircase leading up here.
You feel yourself speed up.
The cerulean imp hits you from afar with a +0 spear.
* * * LOW HITPOINT WARNING * * *
The cerulean imp hits you from afar with a +0 spear.
You die...

.## #######..
##.......###.
##.#.#.#.#.#...
#..............
##.#.#.#.#.#.#
#............# #
##.#.#.#.#.#.##.#
#h........)....
##.#.#.#.#.#.#
#.5.......†..###
###.#.#.#.#.#...#
#...............#
#....#.#.#.#.#.##..###
#.......(###..## ....
#.....######..### .#.
#..... #.......# ..


You could see a cerulean imp (summoned).

Vanquished Creatures
  Terence (D:2)
  Robin (D:3)
  3 dart slugs (D:1)
  2 ribbon worms
  5 bats
  4 endoplasms
  8 goblins
  12 hobgoblins
  3 kobolds
  4 quokkas
  7 ball pythons
  3 frilled lizards (D:1)
  4 rats (D:1)
57 creatures vanquished.

Notes
Turn   | Place    | Note
-------+----------+-------------------------------------------
     0 | D:1      | miscthings the Djinni Shapeshifter began the quest for the
                  | Orb.
     0 | D:1      | Reached XP level 1. HP: 17/17 MP: 0/0
    57 | D:1      | Reached skill level 1 in Spellcasting
    57 | D:1      | Reached skill level 1 in Conjurations
    57 | D:1      | Reached skill level 1 in Hexes
    57 | D:1      | Reached skill level 1 in Summonings
    57 | D:1      | Reached skill level 1 in Necromancy
    57 | D:1      | Reached skill level 1 in Translocations
    57 | D:1      | Reached skill level 1 in Fire Magic
    57 | D:1      | Reached skill level 1 in Ice Magic
    57 | D:1      | Reached skill level 1 in Air Magic
    57 | D:1      | Reached skill level 1 in Earth Magic
    57 | D:1      | Reached skill level 1 in Alchemy
    57 | D:1      | Reached XP level 2. HP: 21/22 MP: 0/0
   251 | D:1      | Reached XP level 3. HP: 24/27 MP: 0/0
   251 | D:1      | Learned a level 1 spell: Summon Small Mammal
   913 | D:2      | Noticed Terence
   929 | D:2      | Killed Terence
   930 | D:2      | Reached XP level 4. HP: 17/32 MP: 0/0
  1004 | D:2      | Noticed Sigmund
  1017 | D:3      | Found a glowing silver altar of Zin.
  1077 | D:3      | Noticed Robin
  1104 | D:3      | Killed Robin
  1148 | D:3      | Reached XP level 5. HP: 18/37 MP: 0/0
  1148 | D:3      | Learned a level 2 spell: Momentum Strike
  1208 | D:3      | Noticed Natasha
  1221 | D:3      | Slain by a cerulean imp

Illustrated notes

Levels and vault maps discovered:
D:1:      amcnicky_arrival_wind_blow, layout_basic, nicolae_wormholes
D:2:      layout_loops_corners, uniq_crazy_yiuf_cottage, uniq_terence,
          uniq_sigmund
D:3:      layout_rooms, mainiacjoe_overflow_tiny_flanked, st_stairs_10,
          uniq_natasha, uniq_robin

Skill      XL: |  1  2  3  4 |
---------------+-------------+-----
Spellcasting   | 1 2 3 |  3.2
Conjurations   | 1 2 3 |  3.2
Hexes          | 1 2 3 |  3.2
Summonings     | 1 2 3 |  3.2
Necromancy     | 1 2 3 |  3.2
Translocations | 1 2 3 |  3.2
Fire Magic     | 1 2 3 |  3.2
Ice Magic      | 1 2 3 |  3.2
Air Magic      | 1 2 3 |  3.2
Earth Magic    | 1 2 3 |  3.2
Alchemy        | 1 2 3 |  3.2
Fighting       | |  1.0
Dodging        | |  2.1
Unarmed Combat | |  3.0
Shapeshifting  | |  2.6

Action                     |  1- 3 |  4- 6 || total
---------------------------+-------+-------++-------
  Melee: Unarmed           |    22 |       ||    22
         Short sword       |    79 |     8 ||    87
         Punch             |     3 |     1 ||     4
         Dagger            |       |    63 ||    63
   Cast: Momentum Strike   |       |     3 ||     3
         Summon Small Mamm |       |     1 ||     1
   Stab: Sleeping          |     2 |       ||     2
 Armour: Animal skin       |    30 |    49 ||    79
  Dodge: Dodged            |    36 |    35 ||    71

Table legend: (Time is in decaauts)
 A = Elapsed time spent in this place.
 B = Non-inter-level travel time spent in this place.
 C = Inter-level travel time spent in this place.
 D = Time resting spent in this place.
 E = Time spent auto-exploring this place.
 F = Levels seen in this place.
 G = Mean time per level.
                   A        B        C        D        E       F      G
               +--------+--------+--------+--------+--------+-----+--------+
         Total |   1194 |   1177 |     17 |     98 |    723 |   3 |  398.0 |
       Dungeon |   1194 |   1177 |     17 |     98 |    723 |   3 |  398.0 |
               +--------+--------+--------+--------+--------+-----+--------+

Top non-repeatable levels by time:
     D:1: 816 daAuts
     D:3: 207 daAuts
     D:2: 171 daAuts
